 Dungeon Crawl Stone Soup version 0.24-a0-165-g1b465fe (webtiles) character file.

Game seed: 11337243302503560812

34 Dfrag the Firebug (level 3, -10/25 HPs)
             Began as a Naga Fire Elementalist on Mar 6, 2019.
             Mangled by Robin
             ... wielding a +0 dagger of electrocution
              (14 damage)
             ... on level 2 of the Dungeon.
             The game lasted 00:01:17 (688 turns).

Dfrag the Firebug (Naga Fire Elementalist)           Turns: 688, Time: 00:01:18

Health: -10/25     AC:  4    Str:  8    XL:     3   Next: 31%
Magic:  1/6        EV: 12    Int: 16    God:
Gold:   33         SH:  0    Dex: 11    Spells: 6/7 levels left

rFire    . . .     SeeInvis +   (no weapon)
rCold    . . .     Gourm    .   (no shield)
rNeg     . . .     Faith    .   a - +0 robe
rPois    +         Spirit   .   (no helmet)
rElec    .         Reflect  .   (no cloak)
rCorr    .         Harm     .   f - +1 pair of gloves
MR       .....                  (no barding)
Stlth    ++........             (no amulet)
HPRegen  0.08/turn              (no ring)
MPRegen  0.10/turn              (no ring)

@: short of breath, very slightly contaminated, invisible, very slow
A: large, repulsion field 1, see invisible, deformed body, frail 1, poison
resistance, slowness 2, slow metabolism 1, spit poison 1, weak 1, wild magic 1,
AC +1
a: Spit Poison


You were on level 2 of the Dungeon.
You were hungry.

You visited 1 branch of the dungeon, and saw 2 of its levels.

You collected 33 gold pieces.

Inventory:

Armour
 a - a +0 robe (worn)
 f - a +1 pair of gloves (worn)
Scrolls
 d - 2 scrolls of remove curse {unknown}
 e - 2 scrolls of identify {unknown}
 g - a scroll of teleportation {unknown}
 i - a scroll of amnesia {unknown}
 j - a scroll of enchant weapon {unknown}
Comestibles
 c - 3 rations


   Skills:
 - Level 1.5 Dodging
 - Level 3.0 Stealth
 + Level 2.5 Spellcasting
 + Level 1.9 Conjurations
 + Level 3.4 Fire Magic


You had 6 spell levels left.
You knew the following spells:

 Your Spells              Type           Power        Failure   Level  Hunger
a - Flame Tongue          Conj/Fire      ##...        10%         1    #......

Your spell library contained the following spells:

 Spells                   Type           Power        Failure   Level  Hunger
 Throw Flame              Conj/Fire      ##....       14%         2    ##.....
 Conjure Flame            Conj/Fire      ##......     26%         3    ###....
 Inner Flame              Hex/Fire       #.......     36%         3    ###....
 Sticky Flame             Conj/Fire      ##......     63%         4    #####..
 Fireball                 Conj/Fire      ##........   91%         5    ######.


Dungeon Overview and Level Annotations

Branches:
Dungeon (2/15)

Altars:

Annotations:
D:2 Robin


Innate Abilities, Weirdness & Mutations

You cannot wear boots.
Your serpentine skin is tough. (AC +1)
You have supernaturally acute eyesight. (SInv)
Armour fits poorly on your strangely shaped body.
Your system is resistant to poisons. (rPois)
You cover ground very slowly.
You have a slow metabolism.
You can spit poison.
You are surrounded by a mild repulsion field. (EV +2)
You are frail. (-10% HP)
You are weak. (Str -2)
Your spells are a little harder to cast, but a little more powerful.


Message History

The splash of poison hits the hobgoblin.
The hobgoblin is almost dead.
You feel slightly more hungry. The goblin hits you but does no damage.
The hobgoblin misses you.
Unknown command.
You completely miss the hobgoblin.
The hobgoblin is almost dead.
The goblin completely misses you. The hobgoblin misses you.
Casting: Flame Tongue (safe; 11% risk of failure)
Confirm with . or Enter, or press ? or * to list all spells.
Aiming: Flame Tongue (safe; 11% risk of failure)
Press: ? - help, Shift-Dir - straight line, f/p - hobgoblin
Aim: a hobgoblin (almost dead, unusually strong)
The flame tongue hits the hobgoblin.
You kill the hobgoblin!
The goblin barely misses you.
Unknown command.
Robin hits you but does no damage.
You are electrocuted!
Ouch! That really hurt!
You die...

#.......# #.......##.
# ####...........
###'##.......###.....
.%...........# .....
......)......# ....
.>........%..# ####
###.#####g#### # #@#
#.# #g# #S. ##.. ...
.... ..... .....#


You could see Robin, an adder and a goblin.

Vanquished Creatures
  A dart slug (D:1)
  5 goblins
  10 hobgoblins
  5 bats (D:1)
  2 frilled lizards
  3 kobolds (D:1)
  A rat (D:1)
27 creatures vanquished.

Notes
Turn   | Place    | Note
-------+----------+-------------------------------------------
     0 | D:1      | Dfrag the Naga Fire Elementalist began the quest for the
                  | Orb.
     0 | D:1      | Reached XP level 1. HP: 15/15 MP: 3/3
    65 | D:1      | Reached XP level 2. HP: 1/22 MP: 1/5
    95 | D:1      | HP: 1/22 [rat (1)]
   483 | D:2      | Noticed Robin
   491 | D:2      | Reached XP level 3. HP: 19/28 MP: 2/6
   684 | D:2      | Gained mutation: Your spells are a little harder to cast,
                  | but a little more powerful. [potion of mutation]
   684 | D:2      | Gained mutation: You are weak. (Str -2) [potion of
                  | mutation]
   684 | D:2      | Gained mutation: You are frail. (-10% HP) [potion of
                  | mutation]
   684 | D:2      | Gained mutation: You are surrounded by a mild repulsion
                  | field. (EV +2) [potion of mutation]
   688 | D:2      | Mangled by Robin

Levels and vault maps discovered:
D:1:      ncdulo_smallfort, layout_rooms
D:2:      layout_basic, nicolae_overflow_crystal_walls, marbit_many_paths,
          uniq_robin, uniq_sigmund

Action                   || total
-------------------------++-------
Melee: Unarmed           ||     2
 Cast: Flame Tongue      ||    22
 Abil: Spit Poison       ||    26
  Use: Potion            ||     2
Armor: Robe              ||     8
Dodge: Dodged            ||    29

Table legend:
 A = Non-vault XP
 B = Vault XP
 C = Vault XP percentage of total XP
 D = Non-vault monster count
 E = Vault monster count
 F = Vault count percentage of total count
                 A         B        C        D         E       F
            +---------+---------+-------+---------+---------+-------
      Total |      30 |      19 |  38.8 |      17 |      10 |  37.0
            +---------+---------+-------+---------+---------+-------
        D:1 |      29 |       0 |   0.0 |      16 |       0 |   0.0
        D:2 |       1 |      19 |  95.0 |       1 |      10 |  90.9
            +---------+---------+-------+---------+---------+-------
